 Dungeon Crawl Stone Soup version 0.31-a0-188-g5e087ee2ca (webtiles) character file.

Game seed: 5321201943033073885

53 qw the Shooter (level 3, 0/20 HPs)
             Began as a Deep Elf Hunter on June 23, 2023.
             Slain by a gnoll
             ... wielding a +0 club
              (1 damage)
             ... on level 4 of the Dungeon.
             The game lasted 00:00:41 (1975 turns).

qw the Shooter (Deep Elf Hunter)                    Turns: 1975, Time: 00:00:42

Health: 0/20       AC:  8    Str: 10    XL:     3   Next: 62%
Magic:  5/5        EV: 11    Int: 13    God:
Gold:   178        SH:  0    Dex: 18    Spells: 2/2 levels left

rFire   + . .        Y - +1 shortbow
rCold   . . .        (shield currently unavailable)
rNeg    . . .        g - +3 ring mail {rF+}
rPois   .            (no helmet)
rElec   .            (no cloak)
rCorr   .            (no gloves)
SInv    +            (no boots)
Will    .....        (no amulet)
Stlth   +            d - ring of see invisible
HPRegen 0.23/turn    (no ring)
MPRegen 0.09/turn

%: no passive effects
@: no status effects
A: no striking features
a: no special abilities


You were on level 4 of the Dungeon.
You visited 1 branch of the dungeon, and saw 4 of its levels.

You collected 178 gold pieces.


   Skills:
 - Level 1.5 Fighting
 + Level 7.1 Ranged Weapons
 - Level 2.4 Dodging
 - Level 1.2 Stealth


You had 2 spell levels left.
You didn't know any spells.
Your spell library was empty.

Inventory:

Hand Weapons
 Y - a +1 shortbow (weapon)
Armour
 g - a +3 ring mail of fire resistance (worn)
Jewellery
 d - a ring of see invisible (left hand)
Scrolls
 c - a scroll of identify
Potions
 a - 2 potions of degeneration {unknown}
 e - a potion of cancellation {unknown}
 f - a potion of ambrosia {unknown}
 h - a potion of might
 j - a potion of curing

Dungeon Overview and Level Annotations

Branches:
Dungeon (4/15)
 Temple: D:4-7

Altars:
Gozag


Message History

Done exploring.
(D) Dungeon
Where to? (* - list waypoints, Enter - D:3, ? - help)
What level of the Dungeon? (default 1, ? - help)
There is a stone staircase leading down here.
You climb downwards.
Found 2 sedimented white potions.
There is a stone staircase leading up here.
Waypoint 3 assigned to D:4.
a - 2 sedimented white potions
Found a leather armour. 2 gnolls come into view.
A gnoll is wielding a +0 halberd of venom.
You shoot an arrow. The arrow hits the gnoll!
The gnoll shouts!
The gnoll is severely wounded.
You hear a shout!
A gnoll comes into view. It is wielding a +0 spear.
The gnoll shouts!
1967 ||| Stepping ~*~*~tactically~*~*~ (outnumbered).
A gnoll comes into view. It is wielding a +0 spear.
1969 ||| Stepping ~*~*~tactically~*~*~ (outnumbered).
You shoot an arrow. The arrow hits the gnoll!
The gnoll is heavily wounded.
You shoot an arrow. The arrow closely misses the gnoll.
The arrow hits the gnoll.
The gnoll is moderately wounded.
The gnoll throws a throwing net.
The throwing net hits you.
You become entangled in the net!
You struggle against the net.
The gnoll hits you with a +0 club. The gnoll barely misses you.
You struggle against the net.
The gnoll hits you with a +0 club.
The gnoll hits you from afar with a +0 spear!
You shred the net and break free! The gnoll hits you with a +0 club.
The gnoll hits you from afar with a +0 spear.
You shoot an arrow. The arrow closely misses the gnoll.
The gnoll hits you with a +0 club.
You die...

[......#......##
........#.....####
#.................#
.........#...<###.#
.........#.#.##
...........#.#
..........##.#
..........##.#
#.......@.##..
#.......g.###.
..........gg.gg..
.#..##.######...#
....... .# #+ ####


You could see 3 gnolls.

Vanquished Creatures
  4 dart slugs (D:1)
  4 endoplasms
  3 giant cockroaches
  5 goblins
  6 hobgoblins
  A quokka (D:1)
  A ball python (D:1)
  3 bats
  4 frilled lizards
  4 kobolds
  7 rats
42 creatures vanquished.

Notes
Turn   | Place    | Note
-------+----------+-------------------------------------------
     0 | D:1      | qw the Deep Elf Hunter began the quest for the Orb.
     0 | D:1      | Reached XP level 1. HP: 12/12 MP: 3/3
     0 | D:1      | 0 ||| qw: Version: 0.3-a-9-g12657ce
     0 | D:1      | 0 ||| qw: Game counter: 4075
     0 | D:1      | 0 ||| qw: Always use a shield: true
     0 | D:1      | 0 ||| qw: God list: Okawaru
     0 | D:1      | 0 ||| qw: Allow faded altars: false
     0 | D:1      | 0 ||| qw: Do Orc after D:15 true
     0 | D:1      | 0 ||| qw: Do second Lair branch before Depths: true
     0 | D:1      | 0 ||| qw: Lair rune preference: random
     0 | D:1      | 0 ||| qw: Plans: Normal
     0 | D:1      | 0 ||| PLANNING D:1-11
    87 | D:1      | Reached skill level 6 in Ranged Weapons
    87 | D:1      | Reached XP level 2. HP: 9/16 MP: 4/4
   422 | D:1      | Reached XP level 3. HP: 20/20 MP: 5/5
   558 | D:1      | 558 ||| UPGRADING to +2 ring mail of fire resistance.
   568 | D:1      | 568 ||| DROPPING +0 leather armour.
   569 | D:1      | 569 ||| READING 2 scrolls labelled WANWEA IGEUFU.
   570 | D:1      | 570 ||| READING scroll of enchant armour.
   570 | D:1      | 570 ||| ENCHANTING +2 ring mail of fire resistance.
   571 | D:1      | 571 ||| READING scroll labelled ZYOKHI FOCLIYGH.
   572 | D:1      | 572 ||| READING scroll labelled DYILUWELESM.
   573 | D:1      | 573 ||| DROPPING scroll of butterflies.
   603 | D:2      | 603 ||| STAIRDANCE
   966 | D:2      | Found an opulent altar of Gozag.
  1250 | D:2      | Reached skill level 7 in Ranged Weapons
  1346 | D:2      | 1346 ||| DROPPING scarf of invisibility.
  1347 | D:2      | 1347 ||| UPGRADING to ring of see invisible.
  1348 | D:2      | 1348 ||| DROPPING ring of flight.
  1349 | D:2      | 1349 ||| READING scroll labelled VOIGIL LUOGE.
  1352 | D:2      | 1352 ||| DRINKING 2 ruby potions.
  1391 | D:2      | 1391 ||| READING 4 scrolls of identify.
  1391 | D:2      | 1391 ||| IDENTIFYING emerald potion
  1392 | D:2      | 1392 ||| READING 3 scrolls of identify.
  1392 | D:2      | 1392 ||| IDENTIFYING pink potion
  1393 | D:2      | 1393 ||| READING 2 scrolls of identify.
  1393 | D:2      | 1393 ||| IDENTIFYING cyan potion
  1394 | D:2      | 1394 ||| DROPPING potion of lignification.
  1395 | D:2      | 1395 ||| DROPPING potion of brilliance.
  1930 | D:3      | 1930 ||| READING scroll labelled PYESAT MIECRUAX.
  1931 | D:3      | 1931 ||| READING 2 scrolls of identify.
  1931 | D:3      | 1931 ||| IDENTIFYING viscous purple potion
  1932 | D:3      | 1932 ||| DROPPING potion of berserk rage.
  1967 | D:4      | 1967 ||| Stepping ~*~*~tactically~*~*~ (outnumbered).
  1969 | D:4      | 1969 ||| Stepping ~*~*~tactically~*~*~ (outnumbered).
  1974 | D:4      | HP: 4/20 [gnoll/+0 club (3)]
  1974 | D:4      | HP: 1/20 [gnoll/+0 spear (3)]
  1975 | D:4      | Slain by a gnoll

Levels and vault maps discovered:
D:1:      ncdulo_halloftheorcs, layout_rooms, chequers_arboretum
D:2:      layout_basic, basic_altar, minmay_tree_intersection, kennysheep_boxes
D:3:      layout_basic, minmay_misc_feat_x
D:4:      layout_basic, lemuel_crystal_altar, mainiacjoe_overflow_24_doors,
          minmay_door_square, sigmund_army, uniq_robin, uniq_grinder,
          uniq_edmund

Skill      XL: |  1  2  3 |
---------------+----------+-----
Ranged Weapons | 6 7 |  7.1
Fighting       | |  1.5
Dodging        | |  2.4
Stealth        | |  1.2

Action                     || total
---------------------------++-------
   Fire: Shortbow          ||   116
    Use: Scroll            ||    10
         Potion            ||     1
 Armour: Leather armour    ||     5
         Ring mail         ||     3
  Dodge: Dodged            ||    16

Table legend:
 A = Non-vault XP
 B = Vault XP
 C = Vault XP percentage of total XP
 D = Non-vault monster count
 E = Vault monster count
 F = Vault count percentage of total count
                 A         B        C        D         E       F
            +---------+---------+-------+---------+---------+-------
      Total |      76 |       0 |   0.0 |      42 |       0 |   0.0
            +---------+---------+-------+---------+---------+-------
        D:1 |      50 |       0 |   0.0 |      25 |       0 |   0.0
        D:2 |      16 |       0 |   0.0 |      11 |       0 |   0.0
        D:3 |      10 |       0 |   0.0 |       6 |       0 |   0.0
            +---------+---------+-------+---------+---------+-------
